 Dungeon Crawl Stone Soup version 0.30.1 (webtiles) character file.

Game seed: 17386568028806932114

56 spardeous the Ducker (level 3, 0/14 HPs)
             Began as a Felid Earth Elementalist on July 14, 2023.
             Killed from afar by an orc wizard (7 damage)
             ... with a magic dart
             ... on level 3 of the Dungeon.
             The game lasted 00:01:19 (495 turns).

spardeous the Ducker (Felid Earth Elementalist)      Turns: 495, Time: 00:01:20

Health: 0/14       AC:  1    Str:  4    XL:     3   Next: 69%
Magic:  4/7        EV: 18    Int: 18    God:
Gold:   33         SH:  0    Dex: 16    Spells: 5/6 levels left
                                        Lives:  0   Deaths: 0

rFire   . . .        (weapon unavailable)
rCold   . . .        (shield unavailable)
rNeg    . . .        (body armour unavailable)
rPois   .            (helmet unavailable)
rElec   .            (cloak unavailable)
rCorr   .            (gloves unavailable)
SInv    +            (boots unavailable)
Will    .....        (no amulet)
Stlth   ++           (no ring)
HPRegen 0.22/turn    (no ring)
MPRegen 0.10/turn

%: no passive effects
@: quick
A: very small, claws 1, fangs 3, see invisible, speed 1, shaggy fur 1, stealthy
paws, no weapons or thrown items, no armour, multi-lived
a: no special abilities


You were on level 3 of the Dungeon.
You visited 1 branch of the dungeon, and saw 4 of its levels.

You collected 33 gold pieces.

Inventory:

Scrolls
 a - a scroll of noise {unknown}
 c - 2 scrolls of identify {unknown}
 e - a scroll of immolation {unknown}
 f - a scroll of enchant armour {unknown}
Potions
 b - a potion of cancellation {unknown}
 d - a potion of attraction {unknown}


   Skills:
 + Level 4.3 Dodging
 - Level 2.6 Stealth
 - Level 2.0 Spellcasting
 - Level 1.1 Transmutations
 + Level 3.5 Earth Magic


You had 5 spell levels left.
You knew the following spells:

 Your Spells              Type           Power      Damage    Failure   Level
a - Sandblast             Erth           28%        2d8       4%          1

Your spell library contained the following spells:

 Spells                   Type           Power      Damage    Failure   Level
 Passwall                 Tmut/Erth      8%         N/A       11%         2
 Blink                    Tloc           2%         N/A       26%         2
 Lesser Beckoning         Tloc           2%         N/A       26%         2
 Momentum Strike          Conj/Tloc      2%         3d8       26%         2
 Stone Arrow              Conj/Erth      16%        3d8       26%         3
 Petrify                  Tmut/Erth      10%        N/A       56%         4


Dungeon Overview and Level Annotations

Branches:
Dungeon (4/15)
 Temple: D:4-7

Altars:

Annotations:
D:4 Sigmund


Innate Abilities, Weirdness & Mutations

You have sharp claws.
You have razor-sharp teeth.
You have supernaturally acute eyesight. (SInv)
You cover ground quickly. (Speed+)
You are covered in fur. (AC +1)
Your paws help you pounce on unaware monsters.
You are incapable of wielding weapons or throwing items.
You cannot wear armour.
You gain extra lives every three experience levels.


Message History

The orc is heavily wounded.
The orc completely misses you.
Casting: Sandblast (safe; 4% risk of failure)
Confirm with . or Enter, or press ? or * to list all spells.
Aiming: Sandblast (safe; 4% risk of failure)
Press: ? - help, Shift-Dir - straight line, f/p - orc
Aim: an orc, wielding a +0 dagger and wearing a +0 leather armour (heavily wounded, 82% to hit)
The blast of sand hits the orc!
You kill the orc!
The orc misses you. The orc closely misses you.
Casting: Sandblast (safe; 4% risk of failure)
Confirm with . or Enter, or press ? or * to list all spells.
Aiming: Sandblast (safe; 4% risk of failure)
Press: ? - help, Shift-Dir - straight line, f - orc
Aim: an orc, wielding a +0 whip (82% to hit)
The blast of sand hits the orc!
You kill the orc!
Casting: Sandblast (safe; 4% risk of failure)
Confirm with . or Enter, or press ? or * to list all spells.
You can't see any susceptible monsters within range! (Use Z to cast anyway.) Unknown command.
f - a scroll labelled MAEZUZUAHIB You now have 33 gold pieces (gained 12).
Things that are here:
a +0 whip; an orc corpse
Found 8 gold pieces.
Things that are here:
a +0 dagger; a goblin corpse An orc wizard comes into view.
It is wielding a +0 dagger.
An adder comes into view.
The orc wizard shouts!
The orc wizard gestures at you while chanting.
You resist with some effort.
The orc wizard points at you and mumbles some strange words.
The magic dart hits you!
Ouch! That really hurt!
The orc wizard casts a spell at you. The magic dart hits you!
Ouch! That really hurt!
You die...

##.#.#.......###.###
.........).........#
#.........####.....###
########### ##.#....#
#.#.... ####.#.#
...#....# ##.#))#.#
....#..#.o####.......#
.....##.........)..#.#
.....##...$.S...@..#.#
....#..#..#.#......# #
...#... # ##..#....#
#.#.... #####.###
##############..#....
#.........#.#......#.#
.......†...........#.#
......###......#..## #
###
###.#.........[.....
#.#


You could see an orc wizard and an adder.

Vanquished Creatures
  4 adders (D:3)
  3 orcs (D:3)
  3 endoplasms (D:3)
  3 goblins
  2 quokkas
  2 rats
17 creatures vanquished.

Notes
Turn   | Place    | Note
-------+----------+-------------------------------------------
     0 | D:1      | spardeous the Felid Earth Elementalist began the quest for
                  | the Orb.
     0 | D:1      | Reached XP level 1. HP: 7/7 MP: 4/4
   171 | D:2      | Reached skill level 3 in Dodging
   199 | D:3      | Reached XP level 2. HP: 11/11 MP: 4/6
   219 | D:3      | Reached XP level 3. HP: 10/14 MP: 5/7
   311 | D:3      | Reached skill level 4 in Dodging
   374 | D:4      | Noticed Sigmund
   495 | D:3      | Killed from afar by an orc wizard

Illustrated notes

Levels and vault maps discovered:
D:1:      lightli_arrival_maybe_door_vault, layout_basic
D:2:      layout_basic, basic_altar
D:3:      layout_basic, mainiacjoe_overflow_swirl,
          hellmonk_ecumenical_altar_crossroads, nicolae_half_adder
D:4:      layout_cave_pools, nrook_campfire, minmay_shop_grid_forest,
          dreamdust_princess_bridge, grunt_decor_junction, minmay_unequal,
          uniq_sigmund, uniq_crazy_yiuf_cottage

Skill      XL: |  1  2  3 |
---------------+----------+-----
Dodging        | 3 4 |  4.3
Earth Magic    | 3 |  3.5
Stealth        | |  2.6
Spellcasting   | |  2.0
Transmutations | |  1.1

Action                     || total
---------------------------++-------
   Cast: Sandblast         ||    29
    Use: Potion            ||     1
 Armour: Skin              ||     1
  Dodge: Dodged            ||    14
